 Dungeon Crawl Stone Soup version 0.31.0-1-g2c135a008e (webtiles) character file.

Game seed: 6170671079213552828

296 qw the Shooter (level 6, 0/46 HPs)
             Began as a Djinni Hunter on Jan 23, 2024.
             Was an Initiate of Okawaru.
             Slain by Ijyb
             ... wielding a +0 club
              (2 damage)
             ... on level 4 of the Dungeon.
             The game lasted 00:00:10 (2605 turns).

qw the Shooter (Djinni Hunter)                      Turns: 2605, Time: 00:00:11

Health: 0/46       AC:  6    Str: 10    XL:     6   Next: 61%
Gold:   184        EV: 11    Int: 10    God:    Okawaru [......] SH:  5 Dex: 19

rFire   + + .        b - +0 orcbow
rCold   x . .        (shield currently unavailable)
rNeg    . . .        e - +0 ring mail
rPois   inf          g - +0 helmet
rElec   .            (no cloak)
rCorr   .            (no gloves)
SInv    .            (boots unavailable)
Will    .....        d - amulet of reflection
Stlth   +            (no ring)
HPRegen 0.27/turn    (no ring)
MPRegen 0.00/turn

%: reflection, infuse magic (-1 HP)
@: flying
A: sickness immunity, fire resistance 2, cold vulnerability 1, float, innate
caster, HP casting, extra vitality 1
a: Renounce Religion


You were on level 4 of the Dungeon.
You worshipped Okawaru.
Okawaru was noncommittal.
You visited 1 branch of the dungeon, and saw 4 of its levels.

You collected 184 gold pieces.


Innate Abilities, Weirdness & Mutations

You are immune to sickness and miasma.
You are immune to poison.
Your flesh is very heat resistant. (rF++)
You are vulnerable to cold. (rC-)
You float through the air rather than walking.
You learn spells naturally, not from books.
Your magical power is your life essence.
You have superior vitality. (+4 MHP)


   Skills:
 + Level 3.1 Fighting
 - Level 5.2 Ranged Weapons
 - Level 1.0 Armour
 - Level 3.5 Dodging
 - Level 0.7 Stealth


You knew the following spells:

 Your Spells              Type           Power      Damage    Failure   Level
a - Slow                  Hex            0%         N/A       67%         1
b - Searing Ray           Conj           0%         2d4       82%         2
Your spell library was empty.

Inventory:

Hand Weapons
 b - a +0 orcbow (weapon)
Armour
 e - a +0 ring mail (worn)
 g - a +0 helmet (worn)
Jewellery
 d - an amulet of reflection (around neck)
Scrolls
 a - 3 scrolls of identify

Dungeon Overview and Level Annotations

Branches:
Dungeon (4/15)
 Temple: D:4-7

Altars:
Gozag
Okawaru
Wu Jian

Annotations:
D:2 1 runed translucent door, Crazy Yiuf
D:4 Dowan, Ijyb


Message History

You shoot an arrow.
The arrow hits Duvessa but does no damage.
Duvessa is heavily wounded.
Duvessa closely misses you. x2
You shoot an arrow. The arrow hits Duvessa!
Duvessa is severely wounded.
You block Duvessa's attack.
Ijyb screams, "Level is mine!
All mine!"
Duvessa hits you with a +0 short sword.
You shoot an arrow. The arrow hits Duvessa.
Duvessa is almost dead.
Duvessa hits you with a +0 short sword. Duvessa closely misses you.
Dowan gestures wildly while chanting.
Dowan blinks!
You shoot an arrow. The arrow closely misses Duvessa.
The arrow barely misses Ijyb.
Duvessa hits you with a +0 short sword. Duvessa closely misses you.
You shoot an arrow. The arrow completely misses Duvessa.
The arrow completely misses Ijyb.
Duvessa closely misses you.
Duvessa says, "When magic and the sword combine, nothing stands against them."
Duvessa hits you with a +0 short sword.
You shoot an arrow. The arrow hits Duvessa!
Duvessa is almost dead.
Duvessa hits you with a +0 short sword. You block Duvessa's attack.
Dowan gestures wildly while chanting.
Dowan blinks!
You shoot an arrow. The arrow hits Duvessa.
You kill Duvessa!
Okawaru accepts your kill.
You hear a distant wail of despair.
Your Ranged Weapons skill increases to level 5!
You shoot an arrow. The arrow hits Ijyb but does no damage.
Dowan seems to find hidden reserves of power!
Ijyb closely misses you.
You shoot an arrow. The arrow hits Ijyb.
Ijyb is moderately wounded.
Dowan mumbles some strange words.
Dowan blinks!
Ijyb hits you with a +0 club. x2
You die...

#.......# #.# #.# #.......# #.#
#.# #.......# #.####.#
#.......### #.#....# ..........#
#.#.#### #.......#.# #.#.#
#.g....ยค#.# #.#.# #g#.# ###.####
.#.#[..#@#.# #.....
.......#.#.#############.
#..~~~..#.#...............
#.~~~~~.>.......######>.<.
#.~~_~~...#####.# #....
#.~~.~~...#.....# #....
######.~~.~~).##.##########....
........~~.~~..............#....
.>.......~...~.)##.########.#..#.


You could see Ijyb.

Vanquished Creatures
  Duvessa (D:4)
  Natasha (twice) (D:2)
  6 adders
  2 ufetubi (D:3)
  3 dart slugs
  A ribbon worm (D:2)
  2 orcs (D:4)
  4 endoplasms
  6 giant cockroaches
  5 goblins
  7 hobgoblins
  2 jackals (D:2)
  4 kobolds
  2 quokkas
  6 ball pythons
  6 bats
  5 frilled lizards
  6 rats
70 creatures vanquished.

Notes
Turn   | Place    | Note
-------+----------+-------------------------------------------
     0 | D:1      | qw the Djinni Hunter began the quest for the Orb.
     0 | D:1      | Reached XP level 1. HP: 18/18 MP: 0/0
     0 | D:1      | 0 ||| qw: Version: 0.3-a-134-g2ba4250
     0 | D:1      | 0 ||| qw: Game counter: 711
     0 | D:1      | 0 ||| qw: Melee chars always use a shield: true
     0 | D:1      | 0 ||| qw: God list: Okawaru
     0 | D:1      | 0 ||| qw: Allow faded altars: false
     0 | D:1      | 0 ||| qw: Do Orc after clearing Dungeon:15 true
     0 | D:1      | 0 ||| qw: Do second Lair branch before Depths: true
     0 | D:1      | 0 ||| qw: Lair rune preference: random
     0 | D:1      | 0 ||| qw: Goals: Normal
     0 | D:1      | 0 ||| PLANNING D:1-11
    81 | D:1      | Reached XP level 2. HP: 23/23 MP: 0/0
   222 | D:1      | Reached XP level 3. HP: 26/28 MP: 0/0
   222 | D:1      | Learned a level 1 spell: Slow
   254 | D:1      | Reached skill level 4 in Ranged Weapons
   531 | D:1      | 531 ||| UPGRADING to amulet of reflection.
   536 | D:1      | 536 ||| READING scroll labelled CUOWNOFYUN.
   537 | D:1      | 537 ||| READING scroll labelled SEMOEVV PIAFIT.
   537 | D:1      | 537 ||| IDENTIFYING 2 sapphire potions
   538 | D:1      | 538 ||| DROPPING scroll of butterflies.
   539 | D:1      | 539 ||| DROPPING 2 potions of attraction.
   580 | D:2      | 580 ||| SWAPPING to +0 orcbow.
   581 | D:2      | 581 ||| DROPPING +0 shortbow.
   659 | D:2      | Reached XP level 4. HP: 34/34 MP: 0/0
   677 | D:2      | Reached skill level 3 in Fighting
   753 | D:2      | Found an ornate altar of the Wu Jian Council.
  1025 | D:2      | Noticed Natasha
  1032 | D:2      | 1032 ||| RETREEEEATING.
  1033 | D:2      | Killed Natasha
  1034 | D:2      | Reached skill level 3 in Dodging
  1034 | D:2      | Reached XP level 5. HP: 35/40 MP: 0/0
  1034 | D:2      | Learned a level 2 spell: Searing Ray
  1125 | D:2      | Noticed Natasha
  1129 | D:2      | Killed Natasha
  1239 | D:2      | Found a runed translucent door.
  1240 | D:2      | Noticed Crazy Yiuf
  1317 | D:2      | 1317 ||| UPGRADING to +0 ring mail.
  1327 | D:2      | 1327 ||| DROPPING +0 leather armour.
  1328 | D:2      | 1328 ||| READING 4 scrolls of identify.
  1328 | D:2      | 1328 ||| IDENTIFYING scroll labelled NYPAT WAINA
  1329 | D:2      | 1329 ||| DROPPING scroll of summoning.
  1372 | D:3      | Found an opulent altar of Gozag.
  1424 | D:3      | Found a faded altar of an unknown god.
  1607 | D:3      | Reached skill level 1 in Armour
  1859 | D:3      | Found an iron altar of Okawaru.
  1860 | D:3      | 1860 ||| PLANNING OKAWARU WORSHIP
  1860 | D:3      | 1860 ||| UPGRADING to +0 helmet.
  1865 | D:3      | 1865 ||| READING 5 scrolls of identify.
  1865 | D:3      | 1865 ||| IDENTIFYING golden potion
  1866 | D:3      | 1866 ||| READING 4 scrolls of identify.
  1866 | D:3      | 1866 ||| IDENTIFYING scroll labelled HYUQYENKOD
  1867 | D:3      | 1867 ||| DROPPING scroll of blinking.
  1876 | D:3      | Became a worshipper of Warmaster Okawaru
  1877 | D:3      | 1877 ||| PLANNING D:1-11
  2158 | D:4      | Reached XP level 6. HP: 41/46 MP: 0/0
  2575 | D:4      | Noticed Duvessa
  2575 | D:4      | Noticed Dowan
  2575 | D:4      | Noticed Ijyb
  2576 | D:4      | 2576 ||| RETREEEEATING.
  2587 | D:4      | HP: 10/46 [Duvessa/+0 short sword (5)]
  2588 | D:4      | 2588 ||| DRINKING potion of heal wounds.
  2598 | D:4      | HP: 11/46 [Duvessa/+0 short sword (5)]
  2603 | D:4      | Killed Duvessa
  2604 | D:4      | Reached skill level 5 in Ranged Weapons
  2605 | D:4      | HP: 2/46 [Ijyb/+0 club (5)]
  2605 | D:4      | Slain by Ijyb

Levels and vault maps discovered:
D:1:      onia_arrival_pentagram, layout_basic, serial_forest,
          infiniplex_forest_straight_2, infiniplex_forest_lined_room_2,
          infiniplex_forest_straight_3, infiniplex_forest_clump_small
D:2:      layout_rooms, serial_rivers, chequers_serial_rivers_micro_d,
          chequers_serial_rivers_micro_e, chequers_serial_rivers_small_3,
          chequers_serial_rivers_micro_a, chequers_serial_rivers_small_b,
          chequers_serial_rivers_room_b, basic_altar, solitary_fountain,
          nicolae_the_louvre, uniq_natasha, uniq_crazy_yiuf_cottage
D:3:      layout_loops_ring, okawaru_metal_pillars_1_2,
          mainiacjoe_overflow_paths, ebering_ecumenical_altar_ruins,
          hangedman_abyss_or_decor_lesser_grid
D:4:      kennysheep_big_flooded_room, layout_basic,
          mainiacjoe_overflow_catwalk, uniq_duvessa, uniq_ijyb, uniq_edmund

Skill      XL: |  1  2  3  4  5  6 |
---------------+-------------------+-----
Ranged Weapons | 4 5 |  5.2
Fighting       | 3 |  3.1
Dodging        | 3 |  3.5
Armour         | 1 |  1.0
Stealth        | |  0.7

Action                     |  1- 3 |  4- 6 || total
---------------------------+-------+-------++-------
   Fire: Shortbow          |    73 |       ||    73
         Orcbow            |    25 |   147 ||   172
    Use: Scroll            |     2 |     3 ||     5
         Potion            |       |     1 ||     1
 Armour: Leather armour    |    18 |    12 ||    30
         Ring mail         |       |    56 ||    56
  Dodge: Dodged            |    32 |    82 ||   114
  Block: Other             |     7 |    26 ||    33
         Reflection        |       |     1 ||     1

Table legend:
 A = Non-vault XP
 B = Vault XP
 C = Vault XP percentage of total XP
 D = Non-vault monster count
 E = Vault monster count
 F = Vault count percentage of total count
                 A         B        C        D         E       F
            +---------+---------+-------+---------+---------+-------
      Total |     238 |     185 |  43.7 |      68 |       2 |   2.9
            +---------+---------+-------+---------+---------+-------
        D:1 |      36 |       0 |   0.0 |      21 |       0 |   0.0
        D:2 |     119 |      36 |  23.2 |      27 |       1 |   3.6
        D:3 |      75 |       0 |   0.0 |      17 |       0 |   0.0
        D:4 |       8 |     149 |  94.9 |       3 |       1 |  25.0
            +---------+---------+-------+---------+---------+-------
